 Dungeon Crawl Stone Soup version 0.25-a0-558-g78a2afb0af (webtiles) character file.

Game seed: 13924955569687153572, levelgen mode: deterministic

38 Minion the Cudgeler (level 3, -5/31 HPs)
             Began as a Hill Orc Monk on Feb 25, 2020.
             Was a Believer of Makhleb.
             Slain by a goblin
             ... wielding a +1 dagger of distortion
             ... led by Robin
              (17 damage)
             ... on level 2 of the Dungeon.
             The game lasted 00:01:35 (278 turns).

Minion the Cudgeler (Hill Orc Monk)                  Turns: 278, Time: 00:01:37

Health: -5/31      AC:  2    Str: 14    XL:     3   Next: 43%
Magic:  3/3        EV: 13    Int: 10    God:    Makhleb [**....]
Gold:   0          SH:  0    Dex: 13    Spells: 2/2 levels left

rFire    . . .     SeeInvis .   a - +0 mace
rCold    . . .     Gourm    .   (no shield)
rNeg     . . .     Faith    .   b - +0 robe
rPois    .         Spirit   .   (no helmet)
rElec    .         Reflect  .   (no cloak)
rCorr    .         Harm     .   (no gloves)
MR       .....                  (no boots)
Stlth    ++........             (no amulet)
HPRegen  0.10/turn              (no ring)
MPRegen  0.08/turn              (no ring)

@: no status effects
A: no striking features
a: Minor Destruction, Renounce Religion


You were on level 2 of the Dungeon.
You worshipped Makhleb.
Makhleb was pleased with you.
You were not hungry.

You visited 1 branch of the dungeon, and saw 2 of its levels.

Inventory:

Hand Weapons
 a - a +0 mace (weapon)
Armour
 b - a +0 robe (worn)
Jewellery
 e - an uncursed ring of wizardry {unknown}
Comestibles
 c - a ration
 d - 3 chunks of flesh


   Skills:
 - Level 3.6 Fighting
 + Level 4.8 Maces & Flails
 - Level 2.4 Dodging
 - Level 1.5 Stealth


You had 2 spell levels left.
You didn't know any spells.
Your spell library was empty.

Dungeon Overview and Level Annotations

Branches:
Dungeon (1/15)

Altars:
Makhleb

Annotations:
D:2 Robin


Message History

2 goblins come into view.
The goblin shouts! x2
The goblin hits you.
The goblin moves out of view.
Some of the chunks of flesh in your inventory have rotted away.
Robin throws the goblin at you! The goblin closely misses you.
The goblin hits you with a +0 dagger.
There is a stone staircase leading down here.
The goblin hits you but does no damage.
There is a stone staircase leading down here.
The goblin no longer looks unusually strong.
You closely miss the goblin.
The goblin no longer looks unusually strong. x2
The goblin misses you.
You closely miss the goblin.
The goblin no longer looks unusually strong. x2
The goblin hits you with a +0 club. The goblin hits you with a +0 dagger.
The goblin hits you with a +1 dagger of distortion.
Space warps horribly around you!
Ouch! That really hurt!
You die...

####.....#
#....#...#
#...#....##
#...#.._..#
####...###∩###
#.###.## ### #.#
#.#### ####
#####.###.##.###g.#
.....g>..g.gg>gg@g##
####gg##.#g#g####..#
.g.gg[##.#.#.# ####
.####.#....#.#
..#..###.# #....#
#.# #...## #.# #..#
..# ...#


You could see 2 hobgoblins and 7 goblins.

Vanquished Creatures
  A hound (D:2)
  A bat (D:1)
  A goblin (D:1)
  2 hobgoblins (D:1)
  A kobold (D:1)
6 creatures vanquished.

Notes
Turn   | Place    | Note
-------+----------+-------------------------------------------
     0 | D:1      | Minion the Hill Orc Monk began the quest for the Orb.
     0 | D:1      | Reached XP level 1. HP: 19/19 MP: 1/1
    48 | D:1      | Reached XP level 2. HP: 12/26 MP: 2/2
   236 | D:1      | You fall into a shaft and drop 1 floor!
   236 | D:2      | Found a burning altar of Makhleb.
   240 | D:2      | Reached skill level 4 in Maces & Flails
   240 | D:2      | Reached XP level 3. HP: 25/31 MP: 3/3
   242 | D:2      | Became a worshipper of Makhleb the Destroyer
   242 | D:2      | Reached * piety under Makhleb
   242 | D:2      | Reached ** piety under Makhleb
   257 | D:2      | Identified the +2 helmet of Syuqa {+Fly MR- Str+3 Int+5}
   257 | D:2      | Noticed Robin
   278 | D:2      | Slain by a goblin

Levels and vault maps discovered:
D:1:      dpeg_arrival_morbid_curiosity, layout_rooms, minmay_misc_feat_pillars
D:2:      layout_rooms, makhleb_heckhound_becter, uniq_robin,
          uniq_crazy_yiuf_cottage

Skill      XL: |  1  2 |
---------------+-------+-----
Maces & Flails | 4 |  4.8
Fighting       | |  3.6
Dodging        | |  2.4
Stealth        | |  1.5

Action                   || total
-------------------------++-------
Melee: Mace              ||    18
 Stab: Sleeping          ||     1
Armor: Robe              ||     3
Dodge: Dodged            ||    15

Table legend:
 A = Non-vault XP
 B = Vault XP
 C = Vault XP percentage of total XP
 D = Non-vault monster count
 E = Vault monster count
 F = Vault count percentage of total count
                 A         B        C        D         E       F
            +---------+---------+-------+---------+---------+-------
      Total |       6 |      49 |  89.1 |       3 |       3 |  50.0
            +---------+---------+-------+---------+---------+-------
        D:1 |       6 |       4 |  40.0 |       3 |       2 |  40.0
        D:2 |       0 |      45 | 100.0 |       0 |       1 | 100.0
            +---------+---------+-------+---------+---------+-------
